Map: Acropolis LE

Players

Clem - Winner!

  • Race: Terran Terran
  • Spawn Location: 5:00

Scarlett

  • Race: Zerg Zerg
  • Spawn Location: 11:00

VOD

Have the link to the VOD?

Description

Time

  • Played on: Sept. 6, 2019, 8:44 p.m.
  • Length: 14:25
Show
View Real Time Build Order
Export as new Build Order

Clem Terran - Winner!

Build Orders: Gas First Reaper Expand, Hellion Opening 

Get SALT Encoding   

  12  0:00  SCV  
  13  0:12  SCV  
  14  0:17  Supply Depot  
  14  0:24  SCV  
  15  0:28  Refinery  
  15  0:39  SCV  
  16  0:44  Barracks  
  16  0:51  SCV  
  17  1:03  SCV  
  18  1:15  SCV  
  19  1:31  Orbital Command, Reaper  
  20  1:41  Command Center  
  20  1:51  Factory  
  20  1:56  SCV  
  21  2:06  Barracks Reactor  
  21  2:08  SCV  
  21  2:12  Supply Depot  
  22  2:16  Refinery  
  22  2:21  SCV  
  23  2:34  SCV  
  24  2:45  Starport  
  24  2:48  Hellion x2  
  24  2:50  SCV  
  29  2:53  Orbital Command  
  29  2:58  Barracks Tech Lab  
  29  3:02  SCV  
  30  3:10  Hellion x2  
  34  3:14  SCV  
  35  3:21  SCV  
  35  3:26  SCV  
  37  3:30  Supply Depot  
  37  3:32  Viking  
  37  3:33  SCV  
  40  3:38  Hellion x2  
  40  3:39  SCV  
  45  3:45  SCV  
  46  3:50  Barracks Tech Lab  
  46  3:54  SCV, Supply Depot  
  47  3:58  Armory  
  47  4:00  SCV  
  47  4:02  Medivac  
  50  4:03  Hellion  
  50  4:07  Hellion  
  54  4:16  SCV x2  
  56  4:25  Command Center  
  56  4:28  SCV  
  59  4:31  Hellion  
  62  4:39  Hellion  
  62  4:42  SCV  
  62  4:50  Supply Depot  
  62  4:53  Refinery  
  62  4:55  Liberator  
  62  4:56  Refinery  
  62  5:11  SCV x2  
  62  5:12  Hellion x2  
  66  5:23  Factory x2  
  66  5:24  SCV x2  
  64  5:33  Hellion x2  
  62  5:36  SCV x2  
  62  5:38  Terran Vehicle And Ship Armor Level 1  
  62  5:39  Orbital Command  
  62  5:42  Barracks Tech Lab  
  62  5:48  SCV x2  
  62  5:55  Hellion x2  
  60  5:59  Orbital Command  
  60  6:00  SCV x2  
  60  6:02  Factory  
  60  6:03  Factory  
  62  6:04  Starport Reactor  
  62  6:12  SCV x2  
  62  6:13  Supply Depot  
  62  6:16  Hellion x2  
  68  6:19  Mag-Field Accelerator  
  68  6:20  Barracks Reactor  
  68  6:21  Cyclone x2  
  68  6:24  SCV x2  
  76  6:26  SCV  
  76  6:32  Supply Depot  
  77  6:35  Supply Depot  
  77  6:36  SCV x2  
  77  6:39  SCV, Hellion, Armory  
  80  6:42  Hellion x2  
  84  6:48  SCV x2  
  84  6:51  SCV  
  84  6:53  Cyclone  
  90  6:54  Refinery  
  90  6:55  Refinery  
  90  6:56  Supply Depot  
  90  7:00  SCV x2  
  94  7:01  Hellion  
  94  7:03  SCV, Hellion, Engineering Bay  
  97  7:10  Hellion  
  97  7:12  SCV  
  97  7:13  Infernal Pre-Igniter, SCV  
  101  7:15  SCV  
  101  7:19  Hellion x2  
  101  7:20  Cyclone  
  101  7:22  Cyclone  
  112  7:27  Cyclone, SCV  
  112  7:28  Hellion x4  
  114  7:31  SCV  
  114  7:33  Hellion x2  
  115  7:39  Terran Vehicle And Ship Armor Level 2  
  115  7:40  Supply Depot  
  115  7:42  SCV x2  
  117  7:57  Supply Depot x2  
  117  8:00  Hellion  
  117  8:02  SCV, Hellion x3, Terran Vehicle Weapons Level 1  
  124  8:07  Missile Turret  
  124  8:10  Missile Turret  
  124  8:11  Missile Turret  
  124  8:18  Thor  
  124  8:19  Hellion  
  132  8:26  Command Center, SCV x2  
  134  8:27  SCV  
  134  8:32  Supply Depot  
  134  8:33  Supply Depot  
  135  8:37  Drilling Claws  
  135  8:39  Hellion, Widow Mine x2  
  141  8:42  Liberator x2  
  141  8:54  Cyclone, SCV, Hellion  
  147  8:57  Supply Depot x2  
  153  9:03  Hellion x2  
  157  9:12  Supply Depot  
  157  9:18  Siege Tank x2, Supply Depot  
  157  9:21  Hellion x2  
  167  9:26  Siege Tank  
  167  9:27  Liberator x2, Hellion  
  172  9:34  Hellion  
  171  9:39  Supply Depot  
  171  9:42  Hellion  
  179  9:47  Hellion  
  179  9:51  Factory x2  
  179  9:52  Factory  
  181  9:57  Refinery  
  181  9:59  Hellion x2  
  185  10:01  Terran Vehicle Weapons Level 2  
  181  10:09  Refinery  
  181  10:14  Hellion x2  
  170  10:18  Planetary Fortress  
  170  10:20  Cyclone  
  173  10:24  Hellion x2  
  173  10:26  Cyclone  
  161  10:30  Hellion  
  161  10:32  Terran Vehicle And Ship Armor Level 3  
  159  10:37  Hellion x2  
  145  10:46  Hellion  
  145  10:47  SCV  
  145  10:51  Cyclone  
  145  10:55  Factory Tech Lab, Factory Reactor  
  145  10:56  Factory Tech Lab  
  150  10:57  Hellion x2  
  150  11:02  Cyclone  
  155  11:06  Hellion x2  
  156  11:15  Hellion  
  142  11:18  Cyclone  
  142  11:23  Command Center, Hellion  
  147  11:26  SCV x2  
  147  11:27  Sensor Tower  
  147  11:28  Smart Servos  
  147  11:30  Hellion  
  151  11:33  Siege Tank  
  151  11:35  SCV  
  151  11:37  Widow Mine x2  
  151  11:38  Hellion x2  
  151  11:39  Hellion  
  159  11:42  Hellion  
  159  11:43  Hellion  
  163  11:50  Hellion  
  163  11:54  Hellion  
  162  11:57  Cyclone  
  162  12:00  Cyclone  
  168  12:05  Hellion  
  161  12:11  Hellion  
  161  12:12  Hellion  
  157  12:18  Cyclone  
  157  12:19  Cyclone, Command Center  
  163  12:24  Hellion x2  
  163  12:28  Hellion x2  
  163  12:29  Cyclone  
  167  12:41  Cyclone x2  
  167  12:43  Hellion  
  155  12:50  Hellion x3  
  159  12:54  Cyclone x2  
  171  13:05  Hellion x2  
  171  13:06  Cyclone, Hellion  
  174  13:13  Cyclone  
  174  13:15  Siege Tank  
  174  13:19  Planetary Fortress  
  174  13:26  Siege Tank  
  175  13:27  Hellion x2  
  175  13:28  Siege Tank  
  178  13:35  Hellion x3  
  178  13:38  Siege Tank  
  178  13:39  Hellion  
  182  13:46  Hellion  
  182  13:47  Hellion  
  176  13:50  Hellion  
  176  13:54  Hellion  
  170  13:57  Hellion  
  170  13:58  Hellion x2  
  171  14:03  Hellion x2  
  171  14:06  SCV  
Show
View Real Time Build Order
Export as new Build Order

Scarlett Zerg 

Build Orders: Hatch First, Muta Ling Bane 

Get SALT Encoding   

  12  0:00  Drone  
  13  0:12  Overlord  
  13  0:16  Drone  
  14  0:30  Drone x2  
  16  0:47  Hatchery  
  15  0:50  Drone  
  15  0:54  Drone  
  17  0:57  Drone  
  18  1:08  Extractor  
  17  1:12  Spawning Pool  
  17  1:15  Drone  
  18  1:18  Drone  
  18  1:27  Drone  
  19  1:39  Drone  
  20  1:49  Overlord  
  20  1:58  Queen  
  20  1:59  Queen  
  20  2:00  Zergling x4  
  26  2:08  Metabolic Boost  
  26  2:10  Drone  
  26  2:11  Drone  
  28  2:22  Drone x2  
  30  2:31  Drone  
  30  2:32  Drone  
  30  2:34  Queen  
  34  2:44  Pneumatized Carapace  
  34  2:47  Drone x2  
  36  2:59  Overlord  
  36  3:09  Hatchery  
  36  3:10  Drone  
  36  3:16  Overlord  
  36  3:18  Drone x5  
  41  3:24  Queen  
  43  3:33  Overlord, Drone  
  44  3:38  Queen  
  44  3:40  Overlord  
  46  3:44  Zergling x4  
  46  3:45  Drone  
  46  3:46  Drone  
  50  3:53  Drone x2  
  53  4:02  Drone  
  53  4:03  Drone x3  
  56  4:16  Overlord  
  57  4:17  Queen, Drone  
  57  4:20  Queen  
  57  4:22  Overlord, Drone  
  64  4:27  Drone  
  65  4:32  Lair  
  65  4:37  Zergling x4  
  65  4:38  Overlord, Drone x2  
  66  4:42  Drone  
  68  4:48  Drone  
  68  4:50  Drone x4  
  68  4:51  Extractor  
  68  4:52  Baneling Nest, Extractor  
  70  5:00  Overlord  
  70  5:01  Drone x2  
  70  5:03  Drone  
  73  5:07  Zergling x6  
  73  5:13  Queen x2  
  79  5:20  Zergling x2  
  79  5:21  Overlord, Drone x5  
  75  5:32  Overlord  
  75  5:33  Queen, Drone x2  
  67  5:35  Drone x3  
  67  5:42  Drone  
  67  5:43  Drone x3  
  67  5:47  Overlord, Drone x4  
  67  5:49  Queen  
  75  5:55  Drone x2  
  76  5:58  Centrifical Hooks  
  76  6:01  Drone  
  76  6:02  Evolution Chamber  
  76  6:04  Overseer  
  76  6:05  Evolution Chamber  
  76  6:10  Overlord, Drone x2  
  76  6:11  Drone  
  78  6:12  Drone x2, Extractor  
  78  6:13  Extractor  
  78  6:15  Drone x3  
  81  6:23  Spire  
  78  6:26  Drone  
  78  6:27  Drone x4  
  80  6:35  Zergling x10  
  85  6:41  Baneling  
  85  6:42  Baneling  
  85  6:46  Drone x7  
  92  6:48  Extractor  
  91  6:57  Overlord, Drone  
  91  6:58  Roach Warren, Drone  
  91  7:00  Overlord, Infestation Pit, Drone  
  91  7:01  Drone  
  93  7:09  Zergling x10  
  93  7:10  Baneling x5  
  98  7:20  Hatchery  
  95  7:36  Mutalisk x7  
  106  7:44  Mutalisk  
  106  7:50  Mutalisk  
  109  7:52  Zergling x16  
  109  7:53  Zergling x2  
  109  7:55  Baneling x3  
  109  7:58  Queen  
  115  8:05  Mutalisk  
  115  8:08  Drone x7  
  115  8:12  Glial Reconstitution  
  124  8:14  Overlord  
  124  8:15  Overlord x2  
  124  8:16  Drone  
  125  8:28  Extractor  
  125  8:29  Roach x6, Extractor  
  129  8:35  Drone x5  
  129  8:36  Drone  
  135  8:41  Zerg Missile Weapons Level 1, Infestor  
  135  8:43  Baneling x3  
  135  8:44  Baneling x2  
  135  8:47  Zergling x12  
  135  8:48  Baneling x3  
  143  8:52  Baneling x3  
  137  9:03  Roach x7  
  137  9:09  Zergling x14  
  155  9:14  Ravager x2  
  155  9:15  Zergling x10  
  162  9:20  Infestor  
  162  9:21  Overlord x2  
  164  9:25  Ravager  
  165  9:36  Drone  
  165  9:37  Drone x2  
  152  9:38  Spine Crawler  
  152  9:39  Spine Crawler  
  152  9:42  Drone x3  
  152  9:45  Infestor x3  
  155  9:48  Overlord  
  158  9:56  Spore Crawler, Baneling x7  
  139  10:15  Zergling x24  
  139  10:16  Zergling x10  
  139  10:17  Ravager x7  
  160  10:25  Roach x2  
  152  10:31  Queen x2  
  152  10:35  Baneling x6  
  145  10:39  Zergling x14, Roach x3  
  145  10:43  Queen  
  145  10:45  Hive  
  145  10:48  Zergling x2  
  145  10:49  Zergling x4  
  146  10:51  Baneling x4  
  146  11:03  Hatchery  
  145  11:06  Zergling x28  
  145  11:07  Queen  
  152  11:15  Drone x3  
  140  11:18  Drone  
  140  11:19  Zerg Missile Weapons Level 2  
  140  11:21  Spore Crawler, Zerg Melee Weapons Level 1  
  139  11:30  Spine Crawler  
  139  11:31  Spine Crawler  
  129  11:35  Drone x8  
  129  11:39  Ravager x3  
  134  11:43  Roach x4  
  137  11:55  Zergling x14  
  137  12:00  Greater Spire  
  137  12:01  Roach x7  
  152  12:06  Drone x5  
  153  12:10  Drone x2  
  153  12:13  Drone  
  153  12:14  Drone  
  138  12:31  Zergling x18, Roach x5  
  148  12:41  Roach  
  148  12:42  Zergling x8, Roach x3  
  134  12:47  Drone x2  
  134  12:48  Drone  
  137  12:53  Corruptor x4  
  137  12:55  Ravager x4  
  137  12:56  Ravager  
  150  13:03  Baneling x13  
  144  13:18  Ravager x8  
  144  13:19  Ravager x2  
  149  13:20  Drone x9  
  154  13:31  Extractor  
  154  13:32  Extractor  
  152  13:35  Zergling x24  
  157  13:41  Zergling x8  
  148  13:49  Zergling x2  
  148  13:50  Brood Lord x2  
  136  14:02  Zergling x8, Roach x5  
  137  14:03  Zergling x2  
Tags
 
Add a new tag
Caveats
  • Supply blocks, unpowered buildings, or Contaminate may cause inaccurate times.
  • Supply counts are checked every 10 seconds.